 Dungeon Crawl Stone Soup version 0.23.2-1-ga50397a (webtiles) character file.

Game seed: 7077763394326643871

7486 goulibeur the Fighter (level 10, -2/93 HPs)
             Began as a Pale Draconian Berserker on May 24, 2019.
             Was an Elder of Trog.
             Slain by an orc wizard
             ... wielding a +0 dagger
              (3 damage)
             ... on level 10 of the Dungeon.
             The game lasted 00:37:49 (13545 turns).

goulibeur the Fighter (Pale Draconian Berserker)   Turns: 13545, Time: 00:37:49

Health: -2/93      AC:  7    Str: 20    XL:     10   Next: 94%
Magic:  10/10      EV: 17    Int:  8    God:    Trog [****..]
Gold:   562        SH:  0    Dex: 13    Spells: 9/9 levels left

rFire    . . .     SeeInvis .   i - +2 flail (protect)
rCold    . . .     Gourm    .   (no shield)
rNeg     . . .     Faith    .   (armour unavailable)
rPois    .         Spirit   .   (helmet restricted)
rElec    .         Reflect  .   z - scarf {cloud immunity}
rCorr    .         Harm     .   (no gloves)
MR       .....                  (no boots)
Stlth    +.........             (no amulet)
HPRegen  0.25/turn              (no ring)
MPRegen  0.12/turn              (no ring)

@: berserk cooldown, slowed, very slow
A: breathe steam, unfitting armour, cold-blooded, AC +7
a: Breathe Steam, Berserk, Trog's Hand, Brothers in Arms, Renounce Religion


You were on level 10 of the Dungeon.
You worshipped Trog.
Trog was greatly pleased with you.
You were not hungry.

You visited 1 branch of the dungeon, and saw 10 of its levels.

You collected 562 gold pieces.

Inventory:

Hand Weapons
 a - a +0 mace
 i - a +2 flail of protection (weapon)
 k - a +0 flail
 C - a +2 whip of pain
Missiles
 E - 3 tomahawks of returning (quivered)
 K - 8 javelins of penetration
Armour
 y - a +1 cloak
 z - a scarf of cloud immunity (worn)
Jewellery
 j - an uncursed amulet of guardian spirit
 o - an uncursed ring of ice
 p - an uncursed ring of ice
 u - an uncursed amulet of rage
Wands
 A - a wand of iceblast (11)
 B - a wand of clouds (5)
 D - a wand of disintegration (3)
 I - a wand of flame (14)
 J - a wand of random effects (17)
Scrolls
 d - 2 scrolls of enchant weapon
 g - a scroll of teleportation
 n - 2 scrolls of enchant armour
 s - 2 scrolls of amnesia
 v - a scroll of fear
 w - 2 scrolls of blinking
Potions
 c - 3 potions of lignification
 e - a potion of brilliance {unknown}
 f - 2 potions of invisibility {unknown}
 h - 3 potions of heal wounds
 l - a potion of degeneration {unknown}
 m - a potion of haste
 r - 2 potions of curing {unknown}
 t - a potion of might {unknown}
 x - 2 potions of magic {unknown}
 F - a potion of resistance {unknown}
Comestibles
 b - 8 rations


   Skills:
 + Level 9.9 Fighting
 + Level 9.0 Maces & Flails
 + Level 7.7 Throwing
 + Level 8.2 Dodging


You had 9 spell levels left.
You didn't know any spells.
Your spell library was empty.

Dungeon Overview and Level Annotations

Branches:
Dungeon (10/15)            Temple (0/1) D:6            Lair (0/6) D:10
    Orc: D:9-12

Altars:
Cheibriados
Fedhas
Makhleb
Qazlal
Sif Muna

Annotations:
D:8 3 runed translucent doors, Frank's ghost, journeyman OpFi


Innate Abilities, Weirdness & Mutations

You can breathe blasts of scalding, opaque steam.
Your pale cyan-grey scales are hard. (AC +7)
You cannot fit into any form of body armour.
You are cold-blooded and may be slowed by cold attacks.


Message History

The orc priest mumbles some strange prayers to Beogh against you.
Pain shoots through your body!
* * * LOW HITPOINT WARNING * * *
The orc wizard casts a spell.
The orc wizard blinks!
The orc wizard looks encouraged for a moment.
Something hits you but does no damage.
Deactivating autopickup; reactivate with Ctrl-A.
The wraith barely misses you.
You barely miss something. You tail-slap something. Something hits you.
* * * LOW HITPOINT WARNING * * *
The orc wizard hits you but does no damage.
The orc completely misses you. The orc wizard misses you. The wraith hits you!
* * * LOW HITPOINT WARNING * * *
The wraith drains your vigour!
You feel as though you will be slow longer.
Something hits you!
* * * LOW HITPOINT WARNING * * *
The orc wizard hits you with a +0 dagger.
You die...

##............
##............. ##
#.............# ..####
###.<..........#
#....###.............#
#.....#........(....##
#.......##.....#..(..#
##.....###....##...#
..###..###....##@..#
.# ##..##.?..ho..## #
##.......roW## #.
##......ooh###..
#........##...#
##..o§......# #
##...?.....## .##
###.........#####
#..###................


You could see a wraith, 2 wargs, an orc priest, 2 orc wizards, 2 orcs and a
quokka.

Vanquished Creatures
  Harold (D:10)
  Joseph (D:7)
  Psyche (D:9)
  Maurice (D:8)
  4 hippogriffs
  Sigmund (D:2)
  3 hogs (D:7)
  A human (D:7)
  A yak (D:7)
  A wyvern (D:8)
  A steam dragon (D:7)
  7 orc warriors
  3 sky beasts
  4 black bears
  4 ogres
  4 centaurs
  Blork the orc (D:4)
  6 bullfrogs
  2 scorpions
  A killer bee (D:6)
  2 howler monkeys
  A centaur zombie (D:5)
  5 crimson imps
  A bullfrog zombie (D:6)
  A jelly (D:8)
  5 hounds
  8 orc priests
  An orc wizard (D:9)
  4 iguanas
  7 worker ants
  A hound skeleton (D:6)
  Robin (D:2)
  A worker ant zombie (D:10)
  9 gnolls
  9 adders
  3 shadow imps
  An ooze (D:2)
  2 adder zombies
  3 adder skeletons
  5 worms
  3 dart slugs
  5 leopard geckos
  18 orcs
  2 giant cockroaches
  13 goblins
  13 hobgoblins
  8 jackals
  14 kobolds
  9 quokkas
  13 bats
  10 frilled lizards
  A giant cockroach zombie (D:6)
  A quokka zombie (D:5)
  4 rats
232 creatures vanquished.

Vanquished Creatures (others)
  2 orcs (D:7)
2 creatures vanquished.

Grand Total: 234 creatures vanquished

Notes
Turn   | Place    | Note
-------+----------+-------------------------------------------
     0 | D:1      | goulibeur the Draconian Berserker began the quest for the
                  | Orb.
     0 | D:1      | Reached XP level 1. HP: 19/19 MP: 1/1
   327 | D:1      | Reached XP level 2. HP: 26/26 MP: 2/2
   707 | D:1      | Reached skill level 1 in Throwing
   732 | D:1      | Reached XP level 3. HP: 18/33 MP: 3/3
  1246 | D:1      | Reached ** piety under Trog
  1850 | D:2      | Reached XP level 4. HP: 40/40 MP: 4/4
  2057 | D:2      | Noticed Sigmund
  2063 | D:2      | Killed Sigmund
  2063 | D:2      | Reached XP level 5. HP: 47/47 MP: 5/5
  2228 | D:2      | Noticed Robin
  2240 | D:2      | Reached XP level 6. HP: 53/53 MP: 6/6
  2242 | D:2      | Killed Robin
  2949 | D:3      | Reached *** piety under Trog
  3804 | D:4      | Found a burning altar of Makhleb.
  3815 | D:4      | Reached skill level 5 in Fighting
  3958 | D:4      | Noticed Blork the orc
  3975 | D:4      | Killed Blork the orc
  3975 | D:4      | Your scales start taking on a pale cyan-grey colour.
  3975 | D:4      | Reached XP level 7. HP: 44/61 MP: 7/7
  4304 | D:4      | Found a snail-covered altar of Cheibriados.
  5209 | D:5      | Entered Level 5 of the Dungeon
  5219 | D:5      | Reached skill level 5 in Maces & Flails
  5618 | D:5      | You fall through a shaft for 2 floors!
  6157 | D:7      | Noticed Joseph
  6172 | D:7      | HP: 3/93 [Joseph/+0 quarterstaff (4)]
  6174 | D:7      | Killed Joseph
  6174 | D:7      | Reached skill level 5 in Dodging
  6174 | D:7      | Reached XP level 8. HP: 4/71 MP: 8/8
  6791 | D:7      | Reached **** piety under Trog
  7182 | D:7      | Reached skill level 5 in Throwing
  7193 | D:7      | Reached XP level 9. HP: 79/79 MP: 9/9
  8324 | D:6      | Found a staircase to the Ecumenical Temple.
  9108 | D:6      | Reached XP level 10. HP: 90/90 MP: 10/10
  9235 | D:6      | Found a deep blue altar of Sif Muna.
 10204 | D:8      | Noticed Maurice
 10217 | D:8      | Killed Maurice
 10332 | D:8      | Received a gift from Trog
 10581 | D:8      | Found a burning altar of Makhleb.
 10730 | D:8      | Found a runed translucent gate.
 10731 | D:8      | Found a runed translucent gate.
 10731 | D:8      | Found a runed translucent gate.
 10733 | D:8      | Noticed Frank's ghost (journeyman OpFi)
 11264 | D:9      | Found a blossoming altar of Fedhas.
 11599 | D:9      | Noticed Psyche
 11612 | D:9      | Killed Psyche
 11997 | D:10     | Entered Level 10 of the Dungeon
 12002 | D:10     | Noticed Harold
 12536 | D:10     | Found a stormy altar of Qazlal.
 12586 | D:10     | Killed Harold
 13518 | D:10     | Found a staircase to the Lair.
 13545 | D:10     | HP: 1/93 [something (11)]
 13545 | D:10     | Slain by an orc wizard

Skill      XL: |  1  2  3  4  5  6  7  8  9 10 |
---------------+-------------------------------+-----
Dodging        | 3 4 5 6 7 8 |  8.2
Throwing       | 1 2 3 4 5 6 7 |  7.7
Fighting       | 4 5 6 7 8 9 |  9.9
Maces & Flails | 4 5 6 7 9 |  9.0

Action                   |  1- 3 |  4- 6 |  7- 9 | 10-12 || total
-------------------------+-------+-------+-------+-------++-------
Melee: Mace              |   114 |     1 |       |       ||   115
       Tailslap          |    15 |    23 |    47 |    34 ||   119
       Flail             |       |   207 |   304 |   253 ||   764
Throw: Tomahawk          |       |       |       |     8 ||     8
Invok: Berserk           |     1 |     3 |    10 |     9 ||    23
 Abil: Breathe Steam     |       |       |     2 |       ||     2
  Use: Scroll            |       |       |       |    16 ||    16
 Stab: Sleeping          |     1 |       |       |       ||     1
  Eat: Chunk             |     3 |    10 |    22 |     9 ||    44
       Ration            |       |       |     1 |     4 ||     5
Armor: Skin              |    38 |    64 |    82 |   141 ||   325
Dodge: Dodged            |    90 |   170 |   194 |   259 ||   713
